 Dungeon Crawl Stone Soup version 0.22.0-38-g04b72b8c25 (webtiles) character file.

65 LLavrengius the Shield-Bearer (level 3, -3/33 HPs)
             Began as a Minotaur Fighter on Aug 27, 2018.
             Slain by an ogre
             ... wielding a +0 giant club
              (12 damage)
             ... on level 3 of the Dungeon on Aug 28, 2018.
             The game lasted 00:05:25 (1663 turns).

LLavrengius the Shield-Bearer (Minotaur Fighter)    Turns: 1663, Time: 00:05:26

Health: -3/33      AC: 14    Str: 21    XL:     3   Next: 94%
Magic:  2/2        EV:  4    Int:  5    God:
Gold:   155        SH:  9    Dex:  9    Spells: 2/2 levels left

rFire    . . .     SeeInvis .   a - +0 war axe
rCold    . . .     Gourm    .   c - +0 shield
rNeg     . . .     Faith    .   s - +0 plate armour
rPois    .         Spirit   .   (helmet restricted)
rElec    .         Reflect  .   (no cloak)
rCorr    .         Harm     .   w - +0 pair of gloves
MR       .....                  t - +0 pair of boots
Stlth    ..........             (no amulet)
HPRegen  0.11/turn              (no ring)
MPRegen  0.08/turn              (no ring)

@: no status effects
A: retaliatory headbutt, horns 2
a: no special abilities


You were on level 3 of the Dungeon.
You were hungry.

You visited 1 branch of the dungeon, and saw 3 of its levels.

You collected 155 gold pieces.

Inventory:

Hand Weapons
 a - a +0 war axe (weapon)
Missiles
 g - 124 stones (quivered)
 h - 6 curare-tipped needles
 l - 15 poisoned needles
Armour
 c - a +0 shield (worn)
 s - a +0 plate armour (worn)
 t - a +0 pair of boots (worn)
 w - a +0 pair of gloves (worn)
Scrolls
 e - 5 scrolls of identify {unknown}
 i - 2 scrolls of enchant weapon {unknown}
 o - 6 scrolls of remove curse {unknown}
 q - a scroll of amnesia {unknown}
 r - a scroll of magic mapping {unknown}
Potions
 b - a potion of haste {unknown}
 d - 3 potions of might
 j - a potion of flight {unknown}
 k - a potion of heal wounds {unknown}
 m - a potion of cancellation {unknown}
 n - a potion of agility {unknown}
 p - 3 potions of curing {unknown}
 u - 2 potions of magic {unknown}
Comestibles
 f - 3 rations
 v - 4 chunks of flesh


   Skills:
 + Level 4.2 Fighting
 + Level 2.9 Axes
 + Level 4.4 Armour
 * Level 4.5 Shields


You had 2 spell levels left.
You didn't know any spells.
Your spell library was empty.

Dungeon Overview and Level Annotations

Branches:
Dungeon (3/15)

Altars:
Qazlal


Innate Abilities, Weirdness & Mutations

You reflexively headbutt those who attack you in melee.
You have a pair of horns on your head.


Message History

The ogre hits you with a giant club!!
Ouch! That really hurt!
* * * LOW HITPOINT WARNING * * *
You are too injured to fight recklessly!
You are too injured to fight recklessly!
You are too injured to fight recklessly!
You are too injured to fight recklessly!
You are too injured to fight recklessly!
You are too injured to fight recklessly!
You hit the ogre but do no damage. You headbutt the ogre!
The ogre is heavily wounded.
The ogre hits you but does no damage.
Your shield and plate armour prevent you from hitting the ogre.
Your headbutt misses the ogre.
The ogre is heavily wounded.
The ogre hits you but does no damage.
You closely miss the ogre. Your headbutt misses the ogre.
The ogre is heavily wounded.
The ogre hits you with a giant club!
You die... ##### #%.(# #.$.# .gg

#O### #.#@#.# #.# #..#
#.#...# ##.## #..#
#.###.# ...# #..# #.# #.#
#..# #..# #.# #.# #..#
#>.# #.###.# #..# #..##
#.....####
##..####...###...........
.....).........##########


You could see an ogre and 2 goblins.

Vanquished Creatures
  An adder (D:2)
  3 worms
  3 dart slugs (D:1)
  A giant cockroach (D:2)
  9 goblins
  6 hobgoblins
  3 jackals (D:1)
  2 ball pythons
  5 bats
  2 frilled lizards (D:2)
  A kobold (D:2)
  A quokka skeleton (D:2)
  5 rats (D:2)
42 creatures vanquished.

Notes
Turn   | Place    | Note
-------+----------+-------------------------------------------
     0 | D:1      | LLavrengius the Minotaur Fighter began the quest for the Orb.
     0 | D:1      | Reached XP level 1. HP: 19/19 MP: 0/0
   158 | D:1      | Reached XP level 2. HP: 27/27 MP: 1/1
   665 | D:2      | Reached XP level 3. HP: 33/33 MP: 2/2
   908 | D:2      | Found a stormy altar of Qazlal.
  1631 | D:3      | Noticed an ogre
  1663 | D:3      | Slain by an ogre

Skill      XL: |  1  2 |
---------------+-------+-----
Armour         | 4 |  4.4
Shields        | 4 |  4.5
Fighting       | 4 |  4.2
Axes           | |  2.9

Action                   || total
-------------------------++-------
Melee: War axe           ||   106
       Headbutt          ||    15
  Eat: Chunk             ||     2
Armor: Scale mail        ||    20
       Plate armour      ||    39
Dodge: Dodged            ||    19
Block: Shield            ||    52
